2745 views
Uploaded 2019-12-01 21:13:02
Game version 1.32.0.2 / 1.32.0.2.1
21:19 long 4on4 ladder game on (8)Mur'gulOasis_LV
Saved by iggythefisk
2745 views
Uploaded 2019-12-01 21:13:02
Game version 1.32.0.2 / 1.32.0.2.1
21:19 long 4on4 ladder game on (8)Mur'gulOasis_LV


104 units @ 16.2k
/ 1.1k
47 buildings @ 7.7k
/ 2.5k


| Healing Salve | 2 | 200 |
| Potion of Healing | 3 | 450 |
| Scroll of Town Portal | 1 | 350 |
| total: | 6 | 1000g |
| Peon | 5 | 375 | / | 0 |
| Grunt | 12 | 2400 | / | 0 |
| Shaman | 4 | 520 | / | 80 |
| total: | 21 | 3295g | / | 80w |
| Altar of Storms | 1 | 180 | / | 50 |
| Orc Burrow | 6 | 960 | / | 240 |
| Barracks | 1 | 180 | / | 50 |
| Voodoo Lounge | 1 | 130 | / | 30 |
| War Mill | 1 | 205 | / | 0 |
| Spirit Lodge | 1 | 150 | / | 150 |
| Stronghold | 1 | 315 | / | 190 |
| Fortress | 1 | 325 | / | 190 |
| total: | 11 | 1805g | / | 520w |
| 0:10 | Altar of Storms |
| 0:22 | Peon |
| 0:23 | Peon |
| 0:40 | Orc Burrow |
| 0:51 | Peon |
| 0:56 | Barracks |
| 1:11 | Peon |
| 1:11 | Peon |
| 2:09 | Grunt |
| 2:10 | Grunt |
| 2:17 | Orc Burrow |
| 2:34 | War Stomp |
| 3:23 | Stronghold |
| 3:31 | Voodoo Lounge |
| 3:36 | Orc Burrow |
| 4:23 | Grunt |
| 4:30 | Endurance Aura |
| 4:50 | Grunt |
| 4:53 | Healing Salve |
| 6:46 | Potion of Healing |
| 6:46 | Potion of Healing |
| 6:46 | Potion of Healing |
| 6:51 | Grunt |
| 6:51 | Grunt |
| 6:52 | Berserker Strength |
| 6:53 | Grunt |
| 7:51 | Spirit Lodge |
| 7:58 | War Mill |
| 8:02 | Grunt |
| 8:10 | Healing Salve |
| 8:28 | Scroll of Town Portal |
| 8:44 | Hex |
| 8:56 | Grunt |
| 9:57 | Shaman |
| 9:58 | Shaman Adept Training |
| 9:58 | Shaman |
| 10:00 | Fortress |
| 10:04 | Steel Melee Weapons |
| 10:07 | Grunt |
| 10:13 | Orc Burrow |
| 10:14 | Orc Burrow |
| 10:17 | Orc Burrow |
| 10:54 | Shaman |
| 10:58 | Steel Armor |
| 12:16 | Shaman |
| 12:26 | Pillage |
| 12:39 | Grunt |
| 12:39 | Grunt |
| 12:59 | Shaman Master Training |
| Right click | 184 |
| Select | 115 |
| Misc. action | 113 |
| Select group | 97 |
| Build/train/purchase | 55 |
| Assign group | 17 |
| Use ability | 14 |
| Esc | 6 |
| Remove unit | 1 |
| Minimap ping | 1 |

| Rod of Necromancy | 1 | 150 |
| Sacrificial Skull | 1 | 50 |
| Dust of Appearance | 1 | 75 |
| Scroll of Town Portal | 1 | 350 |
| total: | 4 | 625g |
| Acolyte | 5 | 375 | / | 0 |
| Ghoul | 4 | 480 | / | 0 |
| Crypt Fiend | 6 | 1290 | / | 240 |
| Gargoyle | 9 | 1575 | / | 270 |
| total: | 24 | 3720g | / | 510w |
| Spirit Tower | 3 | 435 | / | 120 |
| Nerubian Tower | 1 | 100 | / | 20 |
| Altar of Darkness | 1 | 180 | / | 50 |
| Crypt | 1 | 200 | / | 50 |
| Ziggurat | 7 | 1050 | / | 350 |
| Graveyard | 1 | 215 | / | 0 |
| Tomb of Relics | 1 | 130 | / | 30 |
| Slaughterhouse | 1 | 140 | / | 135 |
| Halls of the Dead | 1 | 320 | / | 210 |
| Black Citadel | 1 | 325 | / | 230 |
| total: | 12 | 1915g | / | 615w |
| 0:14 | Altar of Darkness |
| 0:23 | Crypt |
| 0:26 | Ziggurat |
| 1:14 | Graveyard |
| 1:37 | Acolyte |
| 1:45 | Acolyte |
| 2:05 | Ghoul |
| 2:23 | Death Coil |
| 2:26 | Ghoul |
| 2:40 | Spirit Tower |
| 2:50 | Acolyte |
| 2:50 | Acolyte |
| 2:56 | Acolyte |
| 2:59 | Ziggurat |
| 3:50 | Ziggurat |
| 3:57 | Nerubian Tower |
| 4:12 | Tomb of Relics |
| 4:52 | Ghoul |
| 4:52 | Ghoul |
| 4:59 | Creature Attack |
| 5:05 | Spirit Tower |
| 5:34 | Rod of Necromancy |
| 5:46 | Sacrificial Skull |
| 5:56 | Crypt Fiend |
| 5:56 | Crypt Fiend |
| 7:00 | Crypt Fiend |
| 7:00 | Crypt Fiend |
| 7:17 | Halls of the Dead |
| 7:20 | Creature Carapace |
| 7:26 | Ziggurat |
| 8:18 | Dust of Appearance |
| 8:34 | Spirit Tower |
| 8:49 | Crypt Fiend |
| 8:50 | Crypt Fiend |
| 10:41 | Unholy Aura |
| 10:46 | Death Coil |
| 13:00 | Gargoyle |
| 13:00 | Gargoyle |
| 13:00 | Gargoyle |
| 13:03 | Gargoyle |
| 13:03 | Gargoyle |
| 13:07 | Black Citadel |
| 13:14 | Ziggurat |
| 13:15 | Ziggurat |
| 13:18 | Ziggurat |
| 15:19 | Gargoyle |
| 15:19 | Gargoyle |
| 15:19 | Gargoyle |
| 15:19 | Gargoyle |
| 15:27 | Shockwave |
| 16:28 | Slaughterhouse |
| 16:45 | Scroll of Town Portal |
| 19:53 | Chain Lighting |
| 20:22 | Serpent Ward |
| Right click | 606 |
| Select | 172 |
| Build/train/purchase | 52 |
| Use ability | 25 |
| Misc. action | 18 |
| Minimap ping | 9 |
| Remove unit | 2 |


| Peon | 11 | 825 | / | 0 |
| Grunt | 14 | 2800 | / | 0 |
| Shaman | 4 | 520 | / | 80 |
| Troll Witch Doctor | 1 | 145 | / | 25 |
| Troll Headhunter | 4 | 560 | / | 80 |
| total: | 34 | 4850g | / | 185w |
| Altar of Storms | 1 | 180 | / | 50 |
| Orc Burrow | 7 | 1120 | / | 280 |
| Barracks | 2 | 360 | / | 100 |
| War Mill | 1 | 205 | / | 0 |
| Spirit Lodge | 1 | 150 | / | 150 |
| Stronghold | 1 | 315 | / | 190 |
| Fortress | 1 | 325 | / | 190 |
| total: | 12 | 2015g | / | 580w |
| 0:05 | Peon |
| 0:05 | Peon |
| 0:11 | Altar of Storms |
| 0:13 | Peon |
| 0:25 | Orc Burrow |
| 0:26 | Peon |
| 0:35 | Barracks |
| 0:42 | Peon |
| 0:53 | Peon |
| 1:07 | Peon |
| 1:14 | Peon |
| 1:28 | Peon |
| 1:54 | Grunt |
| 2:09 | Orc Burrow |
| 2:26 | Serpent Ward |
| 3:07 | Orc Burrow |
| 3:09 | Grunt |
| 3:10 | Grunt |
| 3:11 | Peon |
| 3:11 | Peon |
| 3:49 | Stronghold |
| 3:52 | Healing Wave |
| 4:01 | Grunt |
| 4:19 | War Mill |
| 4:25 | Grunt |
| 4:40 | Orc Burrow |
| 6:18 | Spirit Lodge |
| 6:22 | Steel Melee Weapons |
| 6:22 | Steel Armor |
| 6:42 | Berserker Strength |
| 6:48 | Fortress |
| 7:08 | Steel Ranged Weapons |
| 7:13 | Endurance Aura |
| 7:31 | Serpent Ward |
| 7:40 | Shaman Adept Training |
| 7:44 | Thorium Melee Weapons |
| 8:10 | Grunt |
| 8:10 | Grunt |
| 8:18 | Orc Burrow |
| 8:23 | Thorium Armor |
| 8:28 | Shaman |
| 8:28 | Shaman |
| 9:16 | Shaman |
| 9:16 | Shaman Master Training |
| 9:18 | Grunt |
| 9:32 | Orc Burrow |
| 9:36 | Thorium Ranged Weapons |
| 10:05 | Barracks |
| 10:20 | Arcanite Melee Weapons |
| 10:44 | Orc Burrow |
| 10:51 | Troll Regeneration |
| 12:04 | Witch Doctor Adept Training |
| 12:24 | Healing Wave |
| 12:30 | Endurance Aura |
| 12:31 | War Stomp |
| 13:02 | Grunt |
| 13:03 | Grunt |
| 13:03 | Grunt |
| 13:33 | Grunt |
| 13:33 | Grunt |
| 13:34 | Witch Doctor Master Training |
| 13:35 | Shaman |
| 13:35 | Troll Witch Doctor |
| 14:55 | Berserker Upgrade |
| 15:00 | Troll Headhunter |
| 15:00 | Troll Headhunter |
| 15:26 | Grunt |
| 15:28 | Troll Headhunter |
| 15:28 | Troll Headhunter |
| Right click | 395 |
| Select | 357 |
| Build/train/purchase | 76 |
| Use ability | 25 |
| Remove unit | 3 |
| Assign group | 2 |


| Healing Salve | 2 | 200 |
| Potion of Mana | 2 | 400 |
| Potion of Healing | 2 | 300 |
| total: | 6 | 900g |
| Peon | 5 | 375 | / | 0 |
| Grunt | 11 | 2200 | / | 0 |
| Raider | 8 | 1440 | / | 320 |
| Makrura Snapper | 1 | 315 | / | 0 |
| total: | 25 | 4330g | / | 320w |
| Altar of Storms | 1 | 180 | / | 50 |
| Orc Burrow | 5 | 800 | / | 200 |
| Barracks | 1 | 180 | / | 50 |
| War Mill | 1 | 205 | / | 0 |
| Voodoo Lounge | 1 | 130 | / | 30 |
| Beastiary | 2 | 290 | / | 280 |
| Tauren Totem | 1 | 135 | / | 155 |
| Stronghold | 1 | 315 | / | 190 |
| total: | 12 | 1920g | / | 765w |
| 0:05 | Altar of Storms |
| 0:09 | Orc Burrow |
| 0:12 | Peon |
| 0:13 | Peon |
| 0:32 | Barracks |
| 1:27 | Peon |
| 1:34 | Grunt |
| 1:34 | Grunt |
| 2:06 | War Mill |
| 2:07 | Peon |
| 2:08 | Peon |
| 2:19 | Orc Burrow |
| 2:37 | Critical Strike |
| 2:54 | Voodoo Lounge |
| 3:23 | Grunt |
| 3:23 | Grunt |
| 3:23 | Grunt |
| 4:05 | Grunt |
| 4:09 | Healing Salve |
| 4:19 | Orc Burrow |
| 5:15 | Wind Walk |
| 5:44 | Grunt |
| 5:45 | Grunt |
| 6:54 | Makrura Snapper |
| 7:19 | Stronghold |
| 7:22 | Orc Burrow |
| 7:27 | Grunt |
| 7:27 | Grunt |
| 7:28 | Grunt |
| 8:30 | Steel Melee Weapons |
| 8:31 | Steel Armor |
| 8:38 | Orc Burrow |
| 9:40 | Wind Walk |
| 12:51 | Hex |
| 12:57 | Potion of Mana |
| 12:58 | Healing Salve |
| 13:00 | Potion of Mana |
| 13:07 | Beastiary |
| 13:09 | Beastiary |
| 15:21 | Raider |
| 15:21 | Raider |
| 15:21 | Raider |
| 15:21 | Raider |
| 15:22 | Raider |
| 15:22 | Raider |
| 15:22 | Raider |
| 15:22 | Raider |
| 16:15 | Tauren Totem |
| 16:48 | Berserker Strength |
| 20:42 | Potion of Healing |
| 20:43 | Potion of Healing |
| Right click | 786 |
| Select | 134 |
| Build/train/purchase | 60 |
| Use ability | 20 |
| Minimap ping | 9 |
| Misc. action | 7 |
| Chat | 5 |
| Esc | 1 |
74 units @ 8.1k
/ 0.7k
131 buildings @ 11.5k
/ 5.9k

| Staff of Teleportation | 1 | 150 |
| total: | 1 | 150g |
| Peasant | 16 | 1200 | / | 0 |
| Footman | 2 | 270 | / | 0 |
| total: | 18 | 1470g | / | 0w |
| Scout Tower | 38 | 1140 | / | 760 |
| Guard Tower | 13 | 910 | / | 650 |
| Altar of Kings | 1 | 180 | / | 50 |
| Barracks | 1 | 160 | / | 60 |
| Farm | 3 | 240 | / | 60 |
| Lumber Mill | 1 | 120 | / | 0 |
| Arcane Vault | 1 | 130 | / | 30 |
| Town Hall | 2 | 770 | / | 410 |
| Blacksmith | 1 | 140 | / | 60 |
| Arcane Sanctum | 1 | 150 | / | 140 |
| Keep | 1 | 320 | / | 210 |
| Castle | 1 | 360 | / | 210 |
| total: | 49 | 3030g | / | 1570w |
| 0:02 | Peasant |
| 0:02 | Peasant |
| 0:07 | Altar of Kings |
| 0:21 | Barracks |
| 0:23 | Peasant |
| 0:35 | Farm |
| 0:48 | Peasant |
| 0:48 | Peasant |
| 1:06 | Peasant |
| 1:17 | Farm |
| 1:30 | Peasant |
| 1:48 | Peasant |
| 1:55 | Footman |
| 2:02 | Peasant |
| 2:19 | Summon Water Elemental |
| 2:27 | Peasant |
| 2:31 | Lumber Mill |
| 2:59 | Footman |
| 3:02 | Scout Tower |
| 3:04 | Scout Tower |
| 3:08 | Farm |
| 4:12 | Arcane Vault |
| 4:15 | Scout Tower |
| 4:16 | Scout Tower |
| 4:42 | Brilliance Aura |
| 5:16 | Guard Tower |
| 5:19 | Scout Tower |
| 5:20 | Scout Tower |
| 5:21 | Scout Tower |
| 5:23 | Peasant |
| 5:54 | Guard Tower |
| 5:56 | Peasant |
| 5:57 | Peasant |
| 5:57 | Peasant |
| 6:36 | Guard Tower |
| 6:38 | Improved Masonry |
| 6:41 | Keep |
| 7:29 | Staff of Teleportation |
| 8:41 | Summon Water Elemental |
| 9:28 | Castle |
| 9:30 | Advanced Masonry |
| 9:31 | Improved Lumber Harvesting |
| 11:12 | Arcane Sanctum |
| 11:15 | Scout Tower |
| 11:15 | Scout Tower |
| 11:16 | Scout Tower |
| 11:46 | Brilliance Aura |
| 11:51 | Guard Tower |
| 11:59 | Scout Tower |
| 12:00 | Scout Tower |
| 12:01 | Guard Tower |
| 12:39 | Scout Tower |
| 12:40 | Scout Tower |
| 12:40 | Scout Tower |
| 12:42 | Scout Tower |
| 12:43 | Scout Tower |
| 12:52 | Guard Tower |
| 12:54 | Magic Sentry |
| 13:23 | Guard Tower |
| 13:25 | Scout Tower |
| 13:25 | Scout Tower |
| 13:26 | Scout Tower |
| 13:34 | Guard Tower |
| 13:36 | Scout Tower |
| 13:36 | Scout Tower |
| 13:37 | Scout Tower |
| 13:38 | Scout Tower |
| 13:38 | Scout Tower |
| 13:39 | Scout Tower |
| 13:40 | Scout Tower |
| 13:41 | Scout Tower |
| 13:42 | Scout Tower |
| 14:20 | Guard Tower |
| 14:41 | Guard Tower |
| 14:43 | Scout Tower |
| 14:44 | Scout Tower |
| 14:44 | Scout Tower |
| 14:45 | Scout Tower |
| 15:11 | Guard Tower |
| 15:13 | Imbued Masonry |
| 15:42 | Guard Tower |
| 15:44 | Scout Tower |
| 15:45 | Scout Tower |
| 15:45 | Scout Tower |
| 16:02 | Town Hall |
| 16:48 | Advanced Lumber Harvesting |
| 16:53 | Priest Adept Training |
| 16:54 | Sorceress Adept Training |
| 16:58 | Blacksmith |
| 17:29 | Summon Water Elemental |
| 17:38 | Guard Tower |
| 17:41 | Scout Tower |
| 17:41 | Scout Tower |
| 17:44 | Town Hall |
| 19:15 | Peasant |
| 19:15 | Peasant |
| Right click | 1198 |
| Select | 311 |
| Assign group | 138 |
| Build/train/purchase | 93 |
| Select group | 84 |
| Use ability | 6 |
| Item give/drop | 4 |
| Misc. action | 3 |
| Minimap ping | 3 |


| Lesser Clarity Potion | 3 | 210 |
| Healing Salve | 2 | 200 |
| Orb of Lightning | 1 | 375 |
| Scroll of Speed | 1 | 50 |
| Boots of Speed | 2 | 500 |
| Staff of Teleportation | 2 | 300 |
| Staff of Sanctuary | 1 | 250 |
| total: | 12 | 1885g |
| Peon | 10 | 750 | / | 0 |
| Kodo Beast | 2 | 510 | / | 120 |
| Spirit Walker | 2 | 390 | / | 70 |
| Demolisher | 1 | 220 | / | 50 |
| Wind Rider | 1 | 265 | / | 40 |
| total: | 16 | 2135g | / | 280w |
| Watch Tower | 15 | 1650 | / | 1200 |
| Altar of Storms | 1 | 180 | / | 50 |
| Orc Burrow | 4 | 640 | / | 160 |
| War Mill | 1 | 205 | / | 0 |
| Voodoo Lounge | 1 | 130 | / | 30 |
| Barracks | 1 | 180 | / | 50 |
| Beastiary | 1 | 145 | / | 140 |
| Tauren Totem | 1 | 135 | / | 155 |
| Stronghold | 1 | 315 | / | 190 |
| Fortress | 1 | 325 | / | 190 |
| total: | 25 | 3265g | / | 1785w |
| 0:01 | Peon |
| 0:02 | Altar of Storms |
| 0:04 | Orc Burrow |
| 0:14 | Peon |
| 0:28 | Peon |
| 0:43 | Peon |
| 0:49 | War Mill |
| 0:57 | Peon |
| 1:06 | Peon |
| 1:19 | Voodoo Lounge |
| 1:22 | Peon |
| 1:36 | Peon |
| 2:03 | Wind Walk |
| 2:07 | Watch Tower |
| 2:08 | Peon |
| 2:24 | Peon |
| 2:28 | Watch Tower |
| 3:17 | Watch Tower |
| 3:21 | Stronghold |
| 3:43 | Watch Tower |
| 3:51 | Boots of Speed |
| 3:51 | Staff of Teleportation |
| 3:59 | Watch Tower |
| 4:16 | Watch Tower |
| 4:32 | Lesser Clarity Potion |
| 4:34 | Healing Salve |
| 4:42 | Orc Burrow |
| 5:59 | Fortress |
| 6:02 | Critical Strike |
| 6:10 | Beastiary |
| 6:51 | Watch Tower |
| 6:52 | Watch Tower |
| 7:08 | Tauren Totem |
| 7:20 | Kodo Beast |
| 7:24 | Watch Tower |
| 7:25 | Watch Tower |
| 8:21 | Barracks |
| 8:26 | Healing Salve |
| 8:28 | Lesser Clarity Potion |
| 8:30 | Orb of Lightning |
| 9:18 | Wind Walk |
| 9:36 | Watch Tower |
| 9:45 | Hex |
| 9:58 | Orc Burrow |
| 11:29 | Spirit Walker |
| 11:31 | Demolisher |
| 11:34 | Watch Tower |
| 11:34 | Watch Tower |
| 12:19 | Boots of Speed |
| 12:19 | Staff of Teleportation |
| 12:48 | Staff of Sanctuary |
| 12:58 | Lesser Clarity Potion |
| 13:06 | Wind Rider |
| 13:41 | Watch Tower |
| 13:42 | Watch Tower |
| 13:50 | Healing Wave |
| 15:01 | Critical Strike |
| 16:32 | Scroll of Speed |
| 20:14 | Kodo Beast |
| 20:17 | War Drums Damage Increase |
| 20:26 | Orc Burrow |
| 21:17 | Spirit Walker |
| Right click | 1433 |
| Select group | 525 |
| Assign group | 322 |
| Select | 211 |
| Build/train/purchase | 72 |
| Chat | 65 |
| Use ability | 33 |
| Item give/drop | 5 |
| Misc. action | 4 |
| Minimap ping | 2 |



| Staff of Sanctuary | 2 | 500 |
| Boots of Speed | 3 | 750 |
| Staff of Teleportation | 3 | 450 |
| Healing Salve | 2 | 200 |
| total: | 10 | 1900g |
| Peasant | 15 | 1125 | / | 0 |
| Priest | 1 | 135 | / | 10 |
| total: | 16 | 1260g | / | 10w |
| Scout Tower | 28 | 840 | / | 560 |
| Arcane Tower | 5 | 350 | / | 250 |
| Guard Tower | 21 | 1470 | / | 1050 |
| Altar of Kings | 1 | 180 | / | 50 |
| Farm | 4 | 320 | / | 80 |
| Lumber Mill | 1 | 120 | / | 0 |
| Arcane Vault | 1 | 130 | / | 30 |
| Town Hall | 1 | 385 | / | 205 |
| Arcane Sanctum | 1 | 150 | / | 140 |
| Keep | 1 | 320 | / | 210 |
| Castle | 1 | 360 | / | 210 |
| total: | 37 | 2125g | / | 1065w |
| 0:03 | Peasant |
| 0:03 | Peasant |
| 0:10 | Altar of Kings |
| 0:16 | Peasant |
| 0:19 | Farm |
| 0:37 | Farm |
| 0:42 | Peasant |
| 0:49 | Lumber Mill |
| 0:53 | Peasant |
| 1:01 | Peasant |
| 1:16 | Arcane Vault |
| 1:17 | Peasant |
| 1:25 | Scout Tower |
| 1:27 | Scout Tower |
| 1:29 | Peasant |
| 1:51 | Peasant |
| 2:00 | Peasant |
| 2:04 | Arcane Tower |
| 2:05 | Scout Tower |
| 2:09 | Blizzard |
| 2:19 | Scout Tower |
| 2:35 | Peasant |
| 2:35 | Peasant |
| 2:37 | Guard Tower |
| 2:39 | Scout Tower |
| 2:40 | Scout Tower |
| 2:40 | Scout Tower |
| 2:58 | Guard Tower |
| 3:12 | Scout Tower |
| 3:13 | Scout Tower |
| 3:14 | Guard Tower |
| 3:40 | Brilliance Aura |
| 3:42 | Peasant |
| 3:43 | Peasant |
| 4:00 | Guard Tower |
| 4:02 | Guard Tower |
| 4:18 | Keep |
| 5:16 | Farm |
| 5:17 | Farm |
| 5:19 | Improved Masonry |
| 5:19 | Guard Tower |
| 5:20 | Guard Tower |
| 5:23 | Scout Tower |
| 5:24 | Scout Tower |
| 5:24 | Scout Tower |
| 5:26 | Scout Tower |
| 5:27 | Scout Tower |
| 5:27 | Scout Tower |
| 5:28 | Scout Tower |
| 5:59 | Healing Salve |
| 6:01 | Healing Salve |
| 6:09 | Guard Tower |
| 6:19 | Boots of Speed |
| 6:19 | Staff of Teleportation |
| 6:26 | Guard Tower |
| 7:00 | Guard Tower |
| 7:31 | Castle |
| 7:31 | Guard Tower |
| 7:33 | Improved Lumber Harvesting |
| 7:36 | Advanced Masonry |
| 7:52 | Arcane Tower |
| 8:01 | Storm Bolt |
| 8:39 | Blizzard |
| 8:56 | Guard Tower |
| 8:57 | Scout Tower |
| 8:58 | Scout Tower |
| 8:59 | Scout Tower |
| 9:00 | Scout Tower |
| 9:00 | Scout Tower |
| 9:01 | Scout Tower |
| 9:02 | Arcane Sanctum |
| 9:53 | Guard Tower |
| 10:07 | Bash |
| 10:55 | Holy Light |
| 11:00 | Staff of Sanctuary |
| 11:10 | Magic Sentry |
| 11:21 | Arcane Tower |
| 11:22 | Guard Tower |
| 12:50 | Priest |
| 12:54 | Scout Tower |
| 12:55 | Scout Tower |
| 12:56 | Scout Tower |
| 12:57 | Scout Tower |
| 12:58 | Scout Tower |
| 12:58 | Scout Tower |
| 13:06 | Boots of Speed |
| 13:06 | Staff of Teleportation |
| 13:10 | Staff of Sanctuary |
| 13:50 | Brilliance Aura |
| 13:58 | Arcane Tower |
| 13:59 | Guard Tower |
| 14:03 | Guard Tower |
| 14:05 | Storm Bolt |
| 14:44 | Divine Shield |
| 16:13 | Imbued Masonry |
| 16:14 | Advanced Lumber Harvesting |
| 16:20 | Priest Adept Training |
| 16:46 | Guard Tower |
| 16:46 | Guard Tower |
| 16:50 | Town Hall |
| 18:04 | Peasant |
| 19:01 | Boots of Speed |
| 19:01 | Staff of Teleportation |
| 19:21 | Holy Light |
| 19:23 | Bash |
| 20:29 | Blizzard |
| Right click | 1597 |
| Select group | 413 |
| Select | 305 |
| Build/train/purchase | 100 |
| Chat | 79 |
| Use ability | 69 |
| Assign group | 13 |
| Misc. action | 5 |
| Item give/drop | 4 |
| Remove unit | 1 |


| Sacrificial Skull | 2 | 100 |
| Orb of Corruption | 2 | 750 |
| Potion of Healing | 2 | 300 |
| Rod of Necromancy | 1 | 150 |
| Potion of Mana | 1 | 200 |
| Dust of Appearance | 1 | 75 |
| Scroll of Healing | 1 | 250 |
| Periapt of Vitality | 1 | 325 |
| total: | 11 | 2150g |
| Acolyte | 12 | 900 | / | 0 |
| Ghoul | 3 | 360 | / | 0 |
| Crypt Fiend | 9 | 1935 | / | 360 |
| total: | 24 | 3195g | / | 360w |
| Spirit Tower | 2 | 290 | / | 80 |
| Nerubian Tower | 2 | 200 | / | 40 |
| Ziggurat | 10 | 1500 | / | 500 |
| Altar of Darkness | 1 | 180 | / | 50 |
| Crypt | 1 | 200 | / | 50 |
| Graveyard | 1 | 215 | / | 0 |
| Tomb of Relics | 2 | 260 | / | 60 |
| Sacrificial Pit | 1 | 75 | / | 150 |
| Slaughterhouse | 2 | 280 | / | 270 |
| Boneyard | 2 | 350 | / | 400 |
| Halls of the Dead | 1 | 320 | / | 210 |
| Black Citadel | 1 | 325 | / | 230 |
| total: | 20 | 3060g | / | 1480w |
| 0:05 | Acolyte |
| 0:05 | Acolyte |
| 0:11 | Ziggurat |
| 0:16 | Altar of Darkness |
| 0:39 | Acolyte |
| 0:43 | Crypt |
| 1:09 | Ziggurat |
| 1:30 | Graveyard |
| 1:46 | Ghoul |
| 1:46 | Ghoul |
| 2:09 | Ghoul |
| 2:30 | Carrion Beetles |
| 2:38 | Ziggurat |
| 2:42 | Tomb of Relics |
| 2:55 | Crypt Fiend |
| 3:13 | Crypt Fiend |
| 3:42 | Crypt Fiend |
| 4:04 | Crypt Fiend |
| 4:15 | Ziggurat |
| 4:40 | Spiked Carapace |
| 4:48 | Halls of the Dead |
| 4:52 | Sacrificial Skull |
| 5:14 | Creature Attack |
| 5:15 | Crypt Fiend |
| 5:57 | Crypt Fiend |
| 6:15 | Impale |
| 6:47 | Creature Carapace |
| 7:39 | Improved Creature Attack |
| 7:41 | Black Citadel |
| 7:49 | Crypt Fiend |
| 7:50 | Web |
| 8:38 | Death Coil |
| 9:19 | Unholy Aura |
| 9:26 | Ziggurat |
| 9:28 | Ziggurat |
| 9:32 | Tomb of Relics |
| 10:28 | Acolyte |
| 10:28 | Acolyte |
| 10:28 | Acolyte |
| 10:28 | Acolyte |
| 10:32 | Spirit Tower |
| 10:33 | Nerubian Tower |
| 10:41 | Crypt Fiend |
| 10:45 | Sacrificial Pit |
| 10:47 | Ziggurat |
| 10:54 | Orb of Corruption |
| 10:57 | Sacrificial Skull |
| 11:19 | Crypt Fiend |
| 11:21 | Improved Creature Carapace |
| 11:25 | Ziggurat |
| 11:55 | Orb of Corruption |
| 12:24 | Nerubian Tower |
| 12:41 | Spiked Carapace |
| 13:04 | Slaughterhouse |
| 13:07 | Slaughterhouse |
| 13:39 | Acolyte |
| 13:39 | Acolyte |
| 13:40 | Acolyte |
| 13:40 | Acolyte |
| 13:43 | Acolyte |
| 13:46 | Dust of Appearance |
| 13:49 | Death Coil |
| 15:26 | Ziggurat |
| 15:45 | Boneyard |
| 15:51 | Boneyard |
| 16:03 | Ziggurat |
| 16:21 | Spirit Tower |
| 17:12 | Unholy Aura |
| 17:31 | Spiked Carapace |
| 18:18 | Freezing Breath |
| 18:20 | Advanced Creature Attack |
| 18:22 | Burrow |
| 18:27 | Potion of Healing |
| 18:27 | Potion of Healing |
| 18:37 | Scroll of Healing |
| 18:38 | Rod of Necromancy |
| 18:39 | Potion of Mana |
| 19:28 | Periapt of Vitality |
| 20:15 | Advanced Creature Carapace |
| Right click | 375 |
| Select group | 313 |
| Select | 208 |
| Build/train/purchase | 75 |
| Chat | 72 |
| Assign group | 26 |
| Use ability | 15 |
| Item give/drop | 2 |
| Minimap ping | 1 |